 Dungeon Crawl Stone Soup version 0.29-a0-542-g075992c915 (console) character file.

Game seed: 2571237287592851669

1951 FIQ the Thaumaturge (level 9, -4/55 HPs)
             Began as a Djinni Conjurer on June 3, 2022.
             Was an Initiate of Elyvilon.
             Slain by an ice beast (10 damage)
             ... on level 7 of the Dungeon.
             The game lasted 00:14:35 (7288 turns).

FIQ the Thaumaturge (Djinni Conjurer)               Turns: 7288, Time: 00:14:36

Health: -4/55      AC:  7    Str:  6    XL:     9   Next: 41%
Gold:   236        EV: 12    Int: 24    God:    Elyvilon [......] SH:  0 Dex: 12

rFire   + + .      SeeInvis .   y - staff of air
rCold   x . .      Faith    .   (no shield)
rNeg    + . .      Spirit   .   a - +0 robe
rPois   ∞          Reflect  .   q - +2 helmet
rElec   +          Harm     .   m - +1 cloak
rCorr   +          Rampage  .   (no gloves)
Will    .....                   (boots unavailable)
Stlth   ++........              (no amulet)
HPRegen 0.18/turn               r - ring of positive energy
MPRegen 0.00/turn               u - ring of resist corrosion

@: attractive, flying, invisible
A: sickness immunity, fire resistance 2, cold vulnerability 1, float, innate
caster, HP casting, extra vitality 1
a: Renounce Religion


You were on level 7 of the Dungeon.
You worshipped Elyvilon.
Elyvilon was noncommittal.
You visited 2 branches of the dungeon, and saw 9 of its levels.

You collected 236 gold pieces.

Inventory:

Hand Weapons
 A - the +8 hand axe of Cruel Justice {drain, rC+ Int+3 Dex+3}
   (You found it on level 5 of the Dungeon)

   A truly terrible weapon, it drains the life of any living foe it strikes.
   Int:       It affects your intelligence (+3).
   Dex:       It affects your dexterity (+3).
   rC:        It protects you from cold.
   Elyvilon disapproves of the use of such an item.
Armour
 a - a +0 robe (worn)
 m - a +1 cloak (worn)
 q - a +2 helmet (worn)
 B - +0 steam dragon scales
Magical Staves
 y - a staff of air (weapon)
Jewellery
 l - a ring of wizardry
 r - a ring of positive energy (left hand)
 u - a ring of resist corrosion (right hand)
Wands
 f - a wand of iceblast (9)
Scrolls
 c - 3 scrolls of blinking {unknown}
 d - a scroll of immolation {unknown}
 e - 2 scrolls of fear {unknown}
 i - 5 scrolls of teleportation {unknown}
 n - a scroll of vulnerability {unknown}
 o - a scroll of amnesia {unknown}
 s - a scroll of magic mapping {unknown}
 t - a scroll of silence {unknown}
 v - 2 scrolls of brand weapon {unknown}
Potions
 b - a potion of resistance
 g - 4 potions of might
 h - a potion of cancellation
 j - a potion of brilliance
 z - 2 potions of lignification


   Skills:
 - Level 2.1 Dodging
 - Level 1.5 Stealth
 + Level 9.7 Spellcasting


You had 5 spell levels left.
You knew the following spells:

 Your Spells              Type           Power      Damage    Failure   Level
a - Magic Dart            Conj           100%       1d8       1%          1
b - Searing Ray           Conj           100%       2d8       1%          2
c - Dazzling Flash        Conj/Hex       100%       N/A       1%          3
d - Fulminant Prism       Conj/Hex       27%        3d14      1%          4
e - Iskenderun's Mystic   Conj/Tloc      55%        2d12      1%          4
f - Slow                  Hex            100%       N/A       1%          1
g - Poisonous Vapours     Pois/Air       100%       N/A       1%          2
h - Blink                 Tloc           100%       N/A       1%          2
i - Ozocubu's Armour      Ice            55%        N/A       1%          3
Your spell library was empty.

Dungeon Overview and Level Annotations

Branches:
Dungeon (8/15)             Temple (1/1) D:7
   Lair: D:8-11

Altars:
Ashenzari
Cheibriados
Elyvilon
Kikubaaqudgha
Makhleb
Nemelex Xobeh
Vehumet
Yredelemnul
Zin
The Shining One
Lugonu


Innate Abilities, Weirdness & Mutations

You are immune to sickness and miasma.
You are immune to poison.
Your flesh is very heat resistant. (rF++)
You are vulnerable to cold. (rC-)
You float through the air rather than walking.
You learn spells naturally, not from books.
Your magical power is your life essence.
You have superior vitality. (+4 MHP)


Message History

It was a potion of curing.
You feel better. Something hits you but does no damage.
The ice beast is attracted toward you.
Casting: Iskenderun's Mystic Blast (dangerous; 1% risk of failure)
Confirm with . or Enter, or press ? or * to list all spells.
You erupt in a blast of force!
The mystic blast hits the gnoll!!
You kill the gnoll!
The mystic blast hits something.
Reactivating autopickup.
You feel a bit more experienced.
* * * LOW HITPOINT WARNING * * *
The ice beast is attracted toward you.
Casting: Iskenderun's Mystic Blast (dangerous; 1% risk of failure)
Confirm with . or Enter, or press ? or * to list all spells.
You erupt in a blast of force!
The mystic blast hits the ice beast!
The ice beast is moderately wounded.
The ice beast is knocked back by the mystic blast.
* * * LOW HITPOINT WARNING * * *
The ice beast is attracted toward you.
Okay, then.
Okay, then.
Casting: Iskenderun's Mystic Blast (dangerous; 1% risk of failure)
Confirm with . or Enter, or press ? or * to list all spells.
You don't have enough health to cast this spell.
Casting: Iskenderun's Mystic Blast (dangerous; 1% risk of failure)
Confirm with . or Enter, or press ? or * to list all spells.
You don't have enough health to cast this spell.
Okay, then.
It was a potion of invisibility.
You fade into invisibility!
The ice beast misses you.
Okay, then.
Okay, then.
Okay, then.
There's nothing to close nearby.
There is an open door here.
There is a stone staircase leading up here.
The ice beast hits you.
* * * LOW HITPOINT WARNING * * *
The ice beast freezes you!
You feel a terrible chill!
You die...

#.#...K.######'####
#.#.....:# #.# #.#......#
##'######## z #.#......#
#.........# .. #.#......##
#.........# ... #.#.###...#
#.........# ....
+.......#.###.........#
.....#.#.#####..##..[......#
.......#........@#.........#
.##############Y##.........#
#.###[#########
#..##÷........#
##.##..)[.....# #...#
#..#.........# #...#
###'#.........# #...#
#.............## .#...#
#..............#


You could see an ice beast (can't see you).

Vanquished Creatures
  The ghost of MrShunz the Magician, a novice DECj (D:5)
  A steam dragon (D:7)
  An orc warrior (D:7)
  3 ogres (D:5)
  A phantom (D:5)
  4 bullfrogs
  A gnoll sergeant (D:7)
  2 scorpions (D:7)
  A wight (D:8)
  A howler monkey (D:7)
  A bullfrog zombie (D:4)
  A jelly (D:5)
  A gnoll shaman (D:4)
  An orc priest (D:5)
  A scorpion zombie (D:4)
  Natasha (thrice) (D:2)
  5 orc wizards
  2 iguanas
  10 gnolls
  3 adders
  An ufetubus (D:5)
  4 adder zombies (D:4)
  2 dart slugs
  23 orcs
  7 endoplasms
  6 giant cockroaches
  8 goblins
  7 hobgoblins
  2 jackals (D:2)
  7 quokkas
  9 ball pythons
  6 bats
  3 frilled lizards (D:2)
  12 kobolds
  2 rats
143 creatures vanquished.

Vanquished Creatures (others)
  6 fulminant prisms
  2 withered plants (D:4)
8 creatures vanquished.

Grand Total: 151 creatures vanquished

Notes
Turn   | Place    | Note
-------+----------+-------------------------------------------
     0 | D:1      | FIQ the Djinni Conjurer began the quest for the Orb.
     0 | D:1      | Reached XP level 1. HP: 15/15 MP: 0/0
   255 | D:1      | Reached XP level 2. HP: 19/21 MP: 0/0
   664 | D:1      | Reached XP level 3. HP: 23/25 MP: 0/0
   664 | D:1      | Learned a level 1 spell: Slow
  1019 | D:1      | Reached skill level 4 in Spellcasting
  1348 | D:2      | Noticed Natasha
  1352 | D:2      | Killed Natasha
  1353 | D:2      | Reached XP level 4. HP: 26/31 MP: 0/0
  1626 | D:2      | Noticed Natasha
  1636 | D:2      | Killed Natasha
  1637 | D:2      | Reached XP level 5. HP: 9/35 MP: 0/0
  1637 | D:2      | Learned a level 2 spell: Poisonous Vapours
  2263 | D:2      | Noticed Natasha
  2268 | D:2      | Killed Natasha
  2325 | D:3      | Reached skill level 5 in Spellcasting
  2554 | D:3      | Found a faded altar of an unknown god.
  3160 | D:3      | Found a burning altar of Makhleb.
  3185 | D:3      | Reached XP level 6. HP: 5/40 MP: 0/0
  3557 | D:3      | Found a snail-covered altar of Cheibriados.
  4679 | D:4      | Reached skill level 6 in Spellcasting
  4690 | D:4      | Reached XP level 7. HP: 18/45 MP: 0/0
  4690 | D:4      | Learned a level 2 spell: Blink
  5401 | D:5      | Entered Level 5 of the Dungeon
  6033 | D:5      | Identified the +8 hand axe of Cruel Justice {drain, rC+
                  | Int+3 Dex+3}
  6238 | D:5      | Found a transporter.
  6240 | D:5      | Noticed MrShunz's ghost (novice DECj)
  6240 | D:5      | Identified the +3 dire flail of the Morning {freeze, rElec
                  | Dex+4}
  6241 | D:5      | Found a transporter.
  6465 | D:5      | Reached skill level 7 in Spellcasting
  6465 | D:5      | Reached XP level 8. HP: 37/50 MP: 0/0
  6629 | D:5      | Killed MrShunz's ghost
  6630 | D:5      | Reached skill level 8 in Spellcasting
  6712 | D:6      | You are sucked into a shaft and drop 2 floors!
  6920 | D:7      | Reached XP level 9. HP: 42/55 MP: 0/0
  6920 | D:7      | Learned a level 3 spell: Ozocubu's Armour
  7052 | D:7      | Found a staircase to the Ecumenical Temple.
  7126 | Temple   | Entered the Ecumenical Temple
  7165 | Temple   | Became a worshipper of Elyvilon the Healer
  7236 | D:7      | Reached skill level 9 in Spellcasting
  7288 | D:7      | Slain by an ice beast

Illustrated notes

Levels and vault maps discovered:
D:1:      dpeg_arrival_rhombi, layout_basic, palyth_stone_intersect,
          serial_bayou_pond_d
D:2:      layout_basic, uniq_natasha
D:3:      layout_basic, nicolae_overflow_crystal_walls,
          mainiacjoe_overflow_boulevard, ebering_ecumenical_altar_mist
D:4:      layout_gridville, serial_undead, serial_undead_a, serial_undead_d,
          serial_undead_f, serial_undead_e
D:5:      layout_basic, mainiacjoe_overflow_24_doors, gammafunk_ghost_smash,
          minivault_24
D:6:      layout_basic, gammafunk_temple_overflow_forgotten, uniq_blork_the_orc,
          uniq_duvessa, uniq_edmund
D:7:      layout_basic, minmay_temple_entry_statues_fountains,
          minmay_ruined_shrine
D:8:      layout_layer_cave, grunt_temple_overflow_octagram,
          lemuel_doored_altar, kennysheep_mini, minmay_checkerbox, uniq_grum,
          uniq_maurice
Temple:   corrupted_temple

Skill      XL: |  1  2  3  4  5  6  7  8  9 |
---------------+----------------------------+-----
Spellcasting   | 4 5 6 7 8 9 |  9.7
Dodging        | |  2.1
Stealth        | |  1.5

Action                   |  1- 3 |  4- 6 |  7- 9 || total
-------------------------+-------+-------+-------++-------
 Cast: Magic Dart        |    56 |     2 |       ||    58
       Searing Ray       |       |    50 |    29 ||    79
       Iskenderun's Myst |       |     1 |    18 ||    19
       Poisonous Vapours |       |       |     5 ||     5
       Fulminant Prism   |       |       |     6 ||     6
Evoke: Wand              |       |     1 |     2 ||     3
  Use: Scroll            |     3 |     3 |     2 ||     8
       Potion            |       |       |     4 ||     4
Armor: Robe              |       |     7 |    10 ||    17
Dodge: Dodged            |     3 |    31 |    14 ||    48

Table legend: (Time is in decaauts)
 A = Elapsed time spent in this place.
 B = Non-inter-level travel time spent in this place.
 C = Inter-level travel time spent in this place.
 D = Time resting spent in this place.
 E = Time spent auto-exploring this place.
 F = Levels seen in this place.
 G = Mean time per level.
                   A        B        C        D        E       F      G
               +--------+--------+--------+--------+--------+-----+--------+
         Total |   7297 |   6927 |    370 |      0 |   6106 |   9 |  810.8 |
       Dungeon |   7241 |   6884 |    357 |      0 |   6081 |   8 |  905.1 |
        Temple |     56 |     44 |     12 |      0 |     25 |   1 |   56.0 |
               +--------+--------+--------+--------+--------+-----+--------+

Top non-repeatable levels by time:
     D:3: 1690 daAuts
     D:4: 1383 daAuts
     D:1: 1262 daAuts
     D:2: 1204 daAuts
     D:5: 1176 daAuts
     D:7: 367 daAuts
     D:8: 151 daAuts
  Temple: 56 daAuts
     D:6: 4 daAuts
